 Dungeon Crawl Stone Soup version 0.28.0-43-g3370ac3207 (webtiles) character file.

Game seed: 5787609785655152278

1673 issech the Cudgeller (level 8, -4/71 HPs)
             Began as a Troll Monk on Mar 22, 2022.
             Was a Believer of Hepliaklqana.
             Slain by a two-headed ogre
             ... wielding a +0 giant club
              (18 damage)
             ... on level 6 of the Dungeon.
             The game lasted 00:18:05 (4543 turns).

issech the Cudgeller (Troll Monk)                   Turns: 4543, Time: 00:18:06

Health: -4/71      AC:  4    Str: 20    XL:     8   Next: 70%
Magic:  7/7        EV: 11    Int:  6    God:    Hepliaklqana [**....]
Gold:   333        SH:  0    Dex: 14    Spells: 7/7 levels left

rFire   . . .      SeeInvis .   y - +0 giant club
rCold   . . .      Faith    .   (shield currently unavailable)
rNeg    . . .      Spirit   .   b - +0 robe
rPois   +          Reflect  .   (helmet restricted)
rElec   .          Harm     .   (no cloak)
rCorr   .          Rampage  .   (gloves unavailable)
Will    .....                   (boots unavailable)
Stlth   ++........              t - amulet of regeneration
HPRegen 1.81/turn               i - ring of poison resistance
MPRegen 0.10/turn               (no ring)

@: no status effects
A: reduced essence, large, unfitting armour, claws 3, regeneration 1, shaggy fur
1, tough skin 1
a: Renounce Religion, Recall Ancestor, Ancestor Identity


You were on level 6 of the Dungeon.
You worshipped Hepliaklqana.
Hepliaklqana was pleased with you.
You visited 2 branches of the dungeon, and saw 7 of its levels.
You also visited: Ossuary.

You collected 333 gold pieces.

Inventory:

Hand Weapons
 a - a +0 mace
 d - a +4 dagger
 u - a +0 flail
 y - a +0 giant club (weapon)
 B - a +0 shortbow
 E - a +2 whip of flaming
Missiles
 e - 4 poisoned darts
 f - 118 stones (quivered)
 m - 4 atropa-tipped darts
 v - 101 arrows
 C - a boomerang of dispersal
 D - 3 boomerangs
Armour
 b - a +0 robe (worn)
Jewellery
 i - a ring of poison resistance (left claw)
 p - an amulet of the acrobat
 t - an amulet of regeneration (around neck)
Wands
 h - a wand of digging (2)
 n - a wand of flame (21)
 s - a wand of iceblast (11)
 F - a wand of acid (4)
Scrolls
 c - a scroll of identify
 g - 2 scrolls of magic mapping
 l - a scroll of silence
 q - 3 scrolls of vulnerability
 w - 2 scrolls of enchant armour
 G - a scroll of teleportation {unknown}
Potions
 j - 5 potions of curing {unknown}
 k - a potion of heal wounds {unknown}
 o - a potion of invisibility {unknown}
 r - a potion of lignification {unknown}
 x - 2 potions of flight {unknown}
 z - a potion of attraction {unknown}
 A - a potion of magic {unknown}


   Skills:
 + Level 4.7 Fighting
 + Level 7.6 Maces & Flails
 + Level 1.0 Throwing
 + Level 4.9 Dodging
 + Level 2.1 Stealth


You had 7 spell levels left.
You didn't know any spells.
Your spell library contained the following spells:

 Spells                   Type           Power      Damage    Failure   Level
 Summon Small Mammal      Summ           0%         N/A       45%         1
 Sublimation of Blood     Necr           0%         N/A       58%         2
 Wereblood                Tmut           0%         N/A       58%         2
 Call Canine Familiar     Summ           0%         N/A       83%         3
 Summon Guardian Golem    Hex/Summ       0%         N/A       83%         3
 Animate Dead             Necr           0%         N/A       99%         4
 Haunt                    Necr/Summ      0%         N/A       100%        7
 Summon Hydra             Summ           0%         N/A       100%        7
 Infestation              Necr           0%         N/A       100%        8


Dungeon Overview and Level Annotations

Branches:
Dungeon (6/15)             Temple (1/1) D:4         Ossuary (visited)

Altars:
Ashenzari
Dithmenos
Fedhas
Hepliaklqana
Kikubaaqudgha
Makhleb
Nemelex Xobeh
Okawaru
Ru
Sif Muna
Trog
Uskayaw
Vehumet
Wu Jian
Xom
Yredelemnul
Zin

Shops:
D:4 *


Innate Abilities, Weirdness & Mutations

Your life essence is reduced to manifest your ancestor. (-10% HP)
You are too large for most types of armour.
You have claws for hands.
Your natural rate of healing is unusually fast.
You are covered in fur. (AC +1)
You have tough skin. (AC +1)


Message History

The orc warrior hits Nomusa with a +0 dire flail!
Nomusa is destroyed!
You hear some strange, mumbled words.
A magic dart appears from out of thin air!
The magic dart hits you!
You completely miss something.
The orc warrior shouts!
The orc priest calls upon Beogh to heal the orc warrior.
The orc warrior is healed somewhat.
You hit the orc warrior.
The orc warrior is heavily wounded.
The orc warrior barely misses you.
You hit the orc warrior.
The orc warrior is heavily wounded.
The orc warrior barely misses you.
You closely miss the orc warrior.
The orc warrior is heavily wounded.
Something hits you but does no damage. The orc priest barely misses you.
The orc warrior barely misses you. The orc priest hits you with a +0 club.
You hit the orc priest but do no damage.
The orc warrior hits you with a +0 dire flail!
The orc priest closely misses you.
You barely miss the orc priest. The two-headed ogre closely misses you.
The two-headed ogre hits you with a +0 giant club!
The orc warrior barely misses you. The orc priest barely misses you.
The orc warrior hits you with a +0 dire flail!
You sock the orc priest!
The orc priest is almost dead.
The two-headed ogre hits you with a +0 giant club!!
* * * LOW HITPOINT WARNING * * *
The two-headed ogre closely misses you.
The orc priest mumbles some strange prayers to Beogh against you.
Beogh smites you!
* * * LOW HITPOINT WARNING * * *
Something hits you but does no damage. The orc warrior barely misses you.
You barely miss the orc priest.
The orc priest is almost dead.
The orc priest barely misses you.
The two-headed ogre hits you with a +0 giant club!!
You die...

.......##
##..........#
........##
#.........##
.........####........#
..........####..######
...........# #..#
#..........# ##..##
........#### .##
......#### ##..####
###......#####
#@O....#
####.......###oo....#
####..............#
####...........# .
####.........
##........ ##.......
....... .......


You could see a two-headed ogre, an orc warrior and an orc priest.

Vanquished Creatures
  Pikel (D:6)
  An orc warrior (D:5)
  A black bear (D:4)
  An ogre (D:5)
  An elf zombie (Ossuary)
  A lemure (D:5)
  An orc priest (D:3)
  2 hounds
  2 hound zombies
  2 hound skeletons
  A mummy (Ossuary)
  3 adders
  2 adder zombies (Ossuary)
  An adder skeleton (D:4)
  2 dart slugs (D:1)
  5 orcs
  6 ball pythons
  6 endoplasms
  4 giant cockroaches
  9 hobgoblins
  4 jackals
  7 kobolds
  A quokka (D:2)
  3 bats
  4 frilled lizards
  5 goblins
  A goblin zombie (D:5)
  A hobgoblin zombie (Ossuary)
  2 orc zombies (Ossuary)
  2 quokka zombies (Ossuary)
  6 rats
  2 rat zombies (Ossuary)
90 creatures vanquished.

Vanquished Creatures (collateral kills)
  An ice beast (D:5)
  A necrophage (D:5)
  An ogre (D:5)
  A centaur (D:5)
  A lemure (D:6)
  A bullfrog zombie (D:5)
  An iguana (D:5)
  An orc wizard (D:5)
  3 hound zombies (Ossuary)
  3 mummies
  A howler monkey skeleton (D:4)
  4 adder zombies (Ossuary)
  2 worms (D:5)
  A dart slug (D:4)
  4 orcs (D:5)
  An endoplasm (D:4)
  4 jackals
  A kobold (D:4)
  A gnoll zombie (Ossuary)
  3 hobgoblin zombies (Ossuary)
  2 jackal zombies (Ossuary)
  3 orc zombies
  3 quokka zombies (Ossuary)
  2 rat zombies (Ossuary)
46 creatures vanquished.

Vanquished Creatures (others)
  2 battlemagi
2 creatures vanquished.

Grand Total: 138 creatures vanquished

Notes
Turn   | Place    | Note
-------+----------+-------------------------------------------
     0 | D:1      | issech the Troll Monk began the quest for the Orb.
     0 | D:1      | Reached XP level 1. HP: 22/22 MP: 0/0
   199 | D:1      | Reached XP level 2. HP: 29/29 MP: 1/1
   874 | D:1      | Reached skill level 3 in Maces & Flails
   904 | D:2      | Reached XP level 3. HP: 31/36 MP: 2/2
  1584 | D:3      | Found a radiant altar of Vehumet.
  1614 | D:3      | Reached XP level 4. HP: 29/44 MP: 3/3
  1742 | D:3      | You fall into a shaft and drop 1 floor!
  2402 | D:4      | Reached XP level 5. HP: 53/53 MP: 4/4
  2423 | D:4      | Reached skill level 4 in Maces & Flails
  2447 | D:4      | Found a sacrificial altar of Ru.
  2448 | D:4      | Noticed a black bear
  2457 | D:4      | Killed a black bear
  2508 | D:4      | Reached XP level 6. HP: 61/61 MP: 5/5
  2554 | D:4      | Found a glowing silver altar of Zin.
  2554 | D:4      | Noticed an angel
  2648 | D:4      | Found a staircase to the Ecumenical Temple.
  2652 | Temple   | Entered the Ecumenical Temple
  2881 | Temple   | Became a worshipper of Hepliaklqana the Forgotten
  2881 | Temple   | Reached * piety under Hepliaklqana
  2881 | Temple   | Reached ** piety under Hepliaklqana
  2882 | Temple   | Remembered your ancestor Nomusa as a battlemage
  3016 | D:4      | Found Roviz's Assorted Antiques.
  3279 | D:5      | Entered Level 5 of the Dungeon
  3327 | D:5      | Noticed an orc warrior
  3382 | D:5      | Killed an orc warrior
  3384 | D:5      | Reached skill level 5 in Maces & Flails
  3384 | D:5      | Reached skill level 1 in Throwing
  3452 | D:5      | Found a sand-covered staircase.
  3458 | Ossuary  | Entered an ossuary
  3546 | Ossuary  | Reached XP level 7. HP: 61/61 MP: 6/6
  3883 | D:5      | Reached skill level 6 in Maces & Flails
  3989 | D:5      | Reached XP level 8. HP: 43/70 MP: 7/7
  4367 | D:6      | Noticed Pikel
  4414 | D:6      | Killed Pikel
  4415 | D:6      | Reached skill level 7 in Maces & Flails
  4531 | D:6      | Noticed a two-headed ogre
  4543 | D:6      | Slain by a two-headed ogre

Illustrated notes

Levels and vault maps discovered:
D:1:      minmay_arrival_radiant_lines, layout_basic
D:2:      layout_basic
D:3:      layout_basic, vehumet_altar_wand_db
D:4:      layout_cave_pools, zin_angel, mainiacjoe_overflow_paths,
          minmay_temple_entry_steel_oval, serial_shops, nicolae_square_shop
D:5:      layout_loops_cross, nicolae_ossuary_entry_giza
D:6:      kennysheep_spiral_hall, layout_cave_pods, lemuel_doored_altar,
          tso_oasis_becter, general_overflow_altar, uniq_pikel
Temple:   dpeg_chambers_temple

Skill      XL: |  1  2  3  4  5  6  7  8 |
---------------+-------------------------+-----
Maces & Flails | 3 4 5 6 7 |  7.6
Dodging        | 3 4 |  4.9
Fighting       | 3 4 |  4.7
Throwing       | 1 |  1.0
Stealth        | 2 |  2.1

Action                   |  1- 3 |  4- 6 |  7- 9 || total
-------------------------+-------+-------+-------++-------
Melee: Mace              |   118 |   147 |    31 ||   296
       Punch             |     2 |     3 |     1 ||     6
       Giant club        |       |       |    53 ||    53
Throw: Dart              |       |     4 |       ||     4
       Stone             |       |     1 |       ||     1
Invok: Ancestor Life: Ba |       |     1 |       ||     1
  Use: Scroll            |       |       |     4 ||     4
 Stab: Sleeping          |     3 |       |     1 ||     4
       Distracted        |       |     1 |       ||     1
Armor: Robe              |    59 |    36 |    18 ||   113
Dodge: Dodged            |    86 |   125 |    65 ||   276
